 Dungeon Crawl Stone Soup version 0.28.0 (webtiles) character file.

Game seed: 17389009238647943635

29405 hikkokomori the Fighter (level 13, -1/106 HPs)
             Began as a Minotaur Fighter on Feb 6, 2022.
             Was the Champion of Okawaru.
             Killed from afar by a blizzard demon (30 damage)
             ... with a bolt of cold
             ... on level 3 of the Abyss.
             The game lasted 00:44:44 (15620 turns).

hikkokomori the Fighter (Minotaur Fighter)         Turns: 15620, Time: 00:44:44

Health: -1/106     AC: 26    Str: 29 (31) XL:     13   Next: 15%
Magic:  12/12      EV: 12    Int:  5      God:    Okawaru [******]
Gold:   290        SH: 14    Dex: 10 (11) Spells: 6/12 levels left

rFire   + . .      SeeInvis .   A - +8 woodcutter's axe {vorpal}
rCold   . . .      Faith    .   l - +4 buckler of the Shining Light {rF+}
rNeg    . . .      Spirit   .   F - +6 chain mail of the Untouchables {Fly Slay+3}
rPois   .          Reflect  +   (helmet restricted)
rElec   .          Harm     .   (no cloak)
rCorr   .          Rampage  .   S - +1 pair of gloves
Will    .....                   O - +0 pair of boots {Fly}
Stlth   ..........              y - amulet of reflection
HPRegen 0.00/turn               e - +6 ring of strength
MPRegen 0.13/turn               g - +4 ring of protection

@: silenced, sick, flying
A: horns 2, retaliatory headbutt, frail 1, subdued magic 2, [deterioration 2]
a: Renounce Religion


You were on level 3 of the Abyss.
You worshipped Okawaru.
Okawaru was exalted by your worship.
You visited 3 branches of the dungeon, and saw 18 of its levels.
You visited the Abyss 1 time.
You also visited: Sewer and Bailey.

You collected 907 gold pieces.
You spent 617 gold pieces at shops.

Inventory:

Hand Weapons
 h - a +2 vampiric broad axe
 A - the +8 woodcutter's axe (weapon) {vorpal}
   (You took it off a gnoll shaman on level 5 of the Dungeon)

   It inflicts extra damage upon your enemies.
 B - a +2 demon whip of electrocution
 P - a +4 morningstar
 R - a +2 fustibalus of freezing
Armour
 l - the +4 buckler of the Shining Light (worn) {rF+}
   (You found it on level 4 of the Dungeon)

   rF:        It protects you from fire.
 C - +0 swamp dragon scales
 F - the +6 chain mail of the Untouchables (worn) {Fly Slay+3}
   (You bought it in a shop on level 3 of the Dungeon)

   Slay:      It affects your accuracy & damage with ranged weapons and melee
   (+3).
   Fly:       It grants you flight.
 I - a +0 pair of gloves
 O - a +0 pair of boots of flying (worn)
 S - a +1 pair of gloves (worn)
Magical Staves
 N - a staff of conjuration
Jewellery
 e - a +6 ring of strength (left hand)
 g - a +4 ring of protection (right hand)
 p - a ring of protection from cold
 y - an amulet of reflection (around neck)
 E - a ring of ice
 G - an amulet of guardian spirit
 J - a ring of wizardry
Wands
 b - a wand of acid (13)
 k - a wand of flame (8)
 K - a wand of iceblast (1)
 T - a wand of polymorph (8)
 V - a wand of mindburst (5)
Scrolls
 f - 3 scrolls of noise
 m - a scroll of fear
 o - 8 scrolls of enchant weapon
 s - 2 scrolls of amnesia
 Q - 2 scrolls of enchant armour
 U - a scroll of blinking {unknown}
 X - a scroll of identify
Potions
 a - 2 potions of degeneration
 c - 2 potions of resistance {unknown}
 d - a potion of might
 j - 6 potions of lignification
 n - 7 potions of curing
 q - 5 potions of brilliance
 t - a potion of experience {unknown}
 u - 2 potions of mutation
 v - a potion of invisibility
 z - 2 potions of flight
 L - 2 potions of haste {unknown}
 M - a potion of magic {unknown}
 W - a potion of berserk rage


   Skills:
 - Level 12.3 Fighting
 + Level 11.9 Axes
 - Level 11.1 Armour
 - Level 10.3 Dodging
 - Level 5.0 Shields
 + Level 6.1 Translocations
 + Level 7.6 Transmutations
 - Level 0.6 Evocations


You had 6 spell levels left.
You knew the following spells:

 Your Spells              Type           Power      Damage    Failure   Level
a - Wereblood             Tmut           4%         N/A       13%         2
b - Passage of Golubria   Tloc           3%         N/A       87%         4

Your spell library contained the following spells:

 Spells                   Type           Power      Damage    Failure   Level
 Beastly Appendage        Tmut           8%         N/A       8%          1
 Spider Form              Tmut/Pois      2%         N/A       80%         3
 Ignite Poison            Fire/Tmut/Pois 1%         N/A       93%         3
 Corpse Rot               Necr/Air       0%         N/A       98%         2
 Poisonous Vapours        Pois/Air       0%         N/A       98%         2
 Sublimation of Blood     Necr           0%         N/A       98%         2
 Ice Form                 Ice/Tmut       2%         N/A       99%         4
 Petrify                  Tmut/Erth      2%         N/A       99%         4
 Mephitic Cloud           Conj/Pois/Air  0%         N/A       100%        3
 Ozocubu's Armour         Ice            0%         N/A       100%        3
 Dispel Undead            Necr           0%         3d6       100%        4
 Fulminant Prism          Conj/Hex       0%         3d6       100%        4
 Hailstorm                Conj/Ice       0%         3d3       100%        4
 Iskenderun's Mystic Bla  Conj/Tloc      1%         2d3       100%        4
 Freezing Cloud           Conj/Ice/Air   0%         6-21      100%        5
 Irradiate                Conj/Tmut      1%         3d14      100%        5
 Lee's Rapid Deconstruct  Erth           0%         3d5*      100%        5
 Silence                  Hex/Air        0%         N/A       100%        5
 Ozocubu's Refrigeration  Ice            0%         4d5       100%        7
 Lehudib's Crystal Spear  Conj/Erth      0%         10d2      100%        8
 Summon Small Mammal      Summ           Unusable   N/A       N/A         1
 Call Canine Familiar     Summ           Unusable   N/A       N/A         3
 Summon Guardian Golem    Hex/Summ       Unusable   N/A       N/A         3
 Death Channel            Necr           Unusable   N/A       N/A         6
 Simulacrum               Ice/Necr       Unusable   N/A       N/A         6

Dungeon Overview and Level Annotations

Branches:
Dungeon (15/15)            Temple (1/1) D:4            Lair (0/6) D:8
    Orc (2/2) D:10          Sewer (visited)          Bailey (visited)
    Elf: Orc:2       Vaults: D:13-14     Depths: D:15

Altars:
Ashenzari
Cheibriados
Dithmenos
Elyvilon
Fedhas
Gozag
Hepliaklqana
Kikubaaqudgha
Makhleb
Nemelex Xobeh
Okawaru
Qazlal
Ru
Sif Muna
Trog
Uskayaw
Vehumet
Wu Jian
Xom
Yredelemnul
Zin
The Shining One

Shops:
D:2 *   D:3 [   D:5 =   D:8 !   D:9 [   D:12 *   D:14 =[(!!

Annotations:
D:14 2 transporters, Jogov's ghost, journeyman DgWz


Innate Abilities, Weirdness & Mutations

You have a pair of horns on your head.
You reflexively headbutt those who attack you in melee.
You are frail. (-10% HP)
Your spells are easier to cast, but less powerful.
[Your body often deteriorates upon taking damage.]


Message History

The ancient zyme barely misses you.
Unknown command.
You hit the small abomination.
You headbutt the small abomination, but do no damage.
The small abomination is moderately damaged.
You slash the ancient zyme! The small abomination misses you.
You block the ancient zyme's attack. x2; You feel ill.
Unknown command.
You slice the small abomination!!
You destroy the small abomination!
That felt strangely unrewarding.
You hit the ancient zyme. The ancient zyme barely misses you.
You furiously retaliate!
You headbutt the ancient zyme! The ancient zyme misses you.
Unknown command.
You hit the ancient zyme. You headbutt the ancient zyme.
You destroy the ancient zyme!
That felt strangely unrewarding.
Unknown command.
A blizzard demon comes into view.
A sixfirhy comes into view.
The sixfirhy hits you but does no damage. x2
The sixfirhy closely misses you.
As you read the scroll labelled VARO FOVEICZU, it crumbles to dust.
A profound silence engulfs you.
It was a scroll of silence.
You block the sixfirhy's attack.
You slice the sixfirhy!! Your headbutt misses the sixfirhy.
The sixfirhy is almost dead.
The sixfirhy closely misses you. You furiously retaliate!
You headbutt the sixfirhy.
You kill the sixfirhy!
That felt strangely unrewarding.
The blizzard demon gestures at you. The bolt of lightning hits you!
Your body deteriorates!
You feel clumsy.
The blizzard demon waves its arms in wide circles.
The air twists around and strikes you!
* * * LOW HITPOINT WARNING * * *
The blizzard demon gestures at you. The bolt of cold hits you!!
You die...

## ###.# #.#.. #
.... #. #..#..
###..# ..##.#..#
#.....#......#..
.###.#... #####..##
...####.#..#...#..#
#..............#@##
.. # . ..#..2.....#
..
#...###.#.......#
#.#..
..#..#...####.#
#...............#
.. .....
........... #.
#...........#...###
...#..##..###.#.#
####..#..## .###..#


You could see a blizzard demon.

Vanquished Creatures
  A black draconian (Abyss:3)
  A rakshasa (Abyss:3)
  4 hydras
  4 boulder beetles
  6 centaur warriors
  A wretched star (Abyss:3)
  A sixfirhy (Abyss:3)
  Pikel (D:5)
  An orc knight (D:14)
  10 ugly things
  The ghost of JJisdabomb the Cudgeller, a novice FoFi of Okawaru (D:6)
  2 manticores
  A cyclops (D:14)
  Joseph (D:7)
  An apocalypse crab (Abyss:3)
  A smoke demon (Abyss:3)
  Maggie (D:6)
  2 gargoyles
  2 efreet (D:12)
  2 ancient zymes (Abyss:3)
  A hellwing (Abyss:3)
  4 trolls
  A hornet (D:10)
  5 slime creatures
  2 raiju (Abyss:3)
  A blink frog (Abyss:3)
  3 wraiths
  A ynoxinul (Abyss:3)
  12 yaks
  2 shadows
  2 vampires
  2 large abominations (Abyss:3)
  A neqoxec (Abyss:3)
  A steam dragon (D:9)
  A small abomination (Abyss:3)
  A chaos spawn (Abyss:3)
  Edmund (D:6)
  3 vampire mosquitoes (D:13)
  An acid dragon (D:11)
  3 water moccasins
  Pargi (Sewer)
  A meliai simulacrum (D:15)
  8 orc warriors
  A sky beast (D:6)
  5 ogres
  18 centaurs
  A lemure (D:5)
  A phantom (D:6)
  2 kobold brigands
  A bullfrog (D:8)
  4 gnoll sergeants
  6 scorpions
  2 water moccasin skeletons (D:5)
  4 killer bees (D:8)
  9 wights (D:9)
  5 wolf zombies (Bailey)
  8 vampire bats (Bailey)
  8 howler monkeys
  7 electric eels (D:10)
  A bullfrog zombie (D:5)
  3 centaur zombies
  4 hounds
  2 jellies
  2 gnoll shamans
  An orc priest (D:6)
  Jessica (D:2)
  3 iguanas
  12 orc wizards
  Terence (D:2)
  A killer bee zombie (D:8)
  A howler monkey zombie (D:5)
  A howler monkey skeleton (D:6)
  2 river rats (D:4)
  7 adders
  27 gnolls
  An adder skeleton (D:4)
  3 worms
  A dart slug (D:1)
  44 orcs
  5 endoplasms
  2 giant cockroaches (D:1)
  12 goblins
  5 hobgoblins
  5 quokkas
  9 ball pythons
  5 bats
  3 frilled lizards
  26 kobolds
  26 orc zombies (Bailey)
  5 rats
  A spectral goblin (D:2)
  A spectral orc (D:12)
  A bush (Abyss:3)
408 creatures vanquished.

Vanquished Creatures (others)
  A gnoll (D:10)
  An ufetubus (Abyss:3)
2 creatures vanquished.

Grand Total: 410 creatures vanquished

Notes
Turn   | Place    | Note
-------+----------+-------------------------------------------
     0 | D:1      | hikkokomori the Minotaur Fighter began the quest for the
                  | Orb.
     0 | D:1      | Reached XP level 1. HP: 19/19 MP: 0/0
     0 | D:1      | Noticed a red draconian
     1 | D:1      | Noticed a shadow dragon
     3 | D:1      | Noticed a large abomination
     3 | D:1      | Noticed a tentacled monstrosity
     6 | D:1      | Noticed an iron dragon
     7 | D:1      | Noticed a large abomination
     8 | D:1      | Noticed an ice dragon
    10 | D:1      | Noticed an orb of fire
    12 | D:1      | Noticed a green draconian
    15 | D:1      | Noticed a tentacled monstrosity
    15 | D:1      | Noticed a shadow dragon
    17 | D:1      | Noticed an iron dragon
    19 | D:1      | Noticed an orb of fire
    23 | D:1      | Noticed an iron dragon
   244 | D:1      | Reached XP level 2. HP: 27/27 MP: 1/1
   453 | D:1      | Reached skill level 4 in Fighting
   642 | D:1      | Reached XP level 3. HP: 30/33 MP: 2/2
   929 | D:2      | Found Jaadd's General Store.
   949 | D:2      | Bought a potion of lignification for 42 gold pieces
  1029 | D:2      | Noticed Jessica
  1033 | D:2      | Killed Jessica
  1034 | D:2      | Reached XP level 4. HP: 41/41 MP: 3/3
  1066 | D:2      | Noticed Terence
  1071 | D:2      | Killed Terence
  1250 | D:2      | Found a faded altar of an unknown god.
  1514 | D:3      | Found Dutunuock's Antique Armour Shop.
  1625 | D:3      | Reached XP level 5. HP: 47/47 MP: 4/4
  2080 | D:4      | Reached skill level 5 in Shields
  2081 | D:4      | Found a staircase to the Ecumenical Temple.
  2125 | D:4      | Identified the +4 buckler of the Shining Light {rF+}
  2146 | D:4      | Found a glowing drain.
  2169 | D:4      | Reached skill level 5 in Fighting
  2181 | Sewer    | Entered a sewer
  2317 | Sewer    | Noticed Pargi
  2328 | Sewer    | Killed Pargi
  2329 | Sewer    | Reached skill level 1 in Dodging
  2329 | Sewer    | Reached XP level 6. HP: 48/56 MP: 5/5
  2483 | Temple   | Entered the Ecumenical Temple
  2536 | Temple   | Became a worshipper of Warmaster Okawaru
  2795 | D:4      | You fall into a shaft and drop 2 floors!
  2796 | D:6      | Noticed a sky beast
  2810 | D:5      | Entered Level 5 of the Dungeon
  2816 | D:5      | Reached skill level 5 in Axes
  2836 | D:5      | Reached skill level 5 in Armour
  3112 | D:5      | Reached XP level 7. HP: 60/62 MP: 6/6
  3263 | D:5      | Reached skill level 6 in Fighting
  3277 | D:5      | Found a burning altar of Makhleb.
  3390 | D:5      | Reached * piety under Okawaru
  4031 | D:5      | Noticed Pikel
  4038 | D:5      | Reached XP level 8. HP: 71/71 MP: 7/7
  4039 | D:5      | Killed Pikel
  4039 | D:5      | Reached ** piety under Okawaru
  4040 | D:5      | Reached skill level 7 in Fighting
  4040 | D:5      | Reached skill level 5 in Dodging
  4083 | D:5      | Found Him Lyzu's Jewellery Boutique.
  4285 | D:6      | Reached skill level 8 in Fighting
  4440 | D:6      | Noticed Maggie
  4445 | D:6      | Reached XP level 9. HP: 82/82 MP: 8/8
  4447 | D:6      | Reached *** piety under Okawaru
  4455 | D:6      | Killed Maggie
  4553 | D:6      | Reached skill level 9 in Fighting
  4553 | D:6      | Found a runed translucent door.
  4553 | D:6      | Noticed JJisdabomb's ghost (novice FoFi)
  4559 | D:6      | Noticed Edmund
  4567 | D:6      | Killed Edmund
  4764 | D:6      | Identified the +1 robe of the Leaf {Harm rElec Dex-5 SInv}
  4860 | D:6      | Killed JJisdabomb's ghost
  4861 | D:6      | Reached skill level 10 in Fighting
  4962 | D:3      | Bought a steaming chain mail for 275 gold pieces
  4962 | D:3      | Identified the +6 chain mail of the Untouchables {Fly
                  | Slay+3} (You bought it in a shop on level 3 of the Dungeon)
  5393 | D:7      | Reached **** piety under Okawaru
  5556 | D:7      | Found a white marble altar of Elyvilon.
  5556 | D:7      | Found a stormy altar of Qazlal.
  5556 | D:7      | Found a glowing golden altar of the Shining One.
  5573 | D:7      | Found a shimmering blue altar of Sif Muna.
  5676 | D:7      | Noticed Joseph
  5685 | D:7      | Killed Joseph
  5686 | D:7      | Reached XP level 10. HP: 82/94 MP: 9/9
  6102 | D:8      | Found Suast's Distillery.
  6164 | D:8      | Found a staircase to the Lair.
  6207 | D:8      | Found a flagged portal.
  6217 | Bailey   | Entered a bailey
  6275 | Bailey   | Reached skill level 11 in Fighting
  6319 | Bailey   | Noticed a gargoyle
  6323 | Bailey   | Killed a gargoyle
  6323 | Bailey   | Reached ***** piety under Okawaru
  6861 | D:8      | Reached skill level 10 in Armour
  7006 | D:8      | Found a basalt altar of Yredelemnul.
  7088 | D:9      | Learned a level 2 spell: Wereblood
  7165 | D:9      | Found Omaenic's Antique Armour Emporium.
  7172 | D:9      | Noticed a two-headed ogre
  7215 | D:9      | Reached skill level 1 in Transmutations
  7596 | D:9      | Received a gift from Okawaru
  8394 | D:10     | Entered Level 10 of the Dungeon
  8452 | D:10     | Found a staircase to the Orcish Mines.
  8515 | D:10     | Reached skill level 12 in Fighting
  8515 | D:10     | Reached skill level 10 in Dodging
  8518 | D:10     | Reached XP level 11. HP: 104/104 MP: 10/10
  8854 | Orc:1    | Entered Level 1 of the Orcish Mines
  8858 | Orc:2    | Entered Level 2 of the Orcish Mines
  9841 | D:10     | Learned a level 4 spell: Passage of Golubria
 10040 | D:11     | Noticed a boulder beetle
 10043 | D:11     | Reached skill level 1 in Translocations
 10058 | D:11     | Killed a boulder beetle
 11370 | D:12     | Received a gift from Okawaru
 11415 | D:12     | Noticed a centaur warrior
 11419 | D:12     | Killed a centaur warrior
 11419 | D:12     | Reached ****** piety under Okawaru
 11500 | D:12     | Found Xuyc Yllo's General Store.
 11508 | D:12     | Noticed a six-headed hydra
 11524 | D:12     | Killed a 14-headed hydra
 11525 | D:12     | Reached skill level 5 in Transmutations
 11757 | D:12     | Noticed a seven-headed hydra
 11774 | D:11     | Killed a 12-headed hydra
 11775 | D:11     | Reached XP level 12. HP: 19/112 MP: 11/11
 12223 | D:12     | Noticed a boulder beetle
 12240 | D:12     | Killed a boulder beetle
 12389 | D:12     | Found a hazy altar of Hepliaklqana.
 12673 | D:12     | Bought a scroll of teleportation for 51 gold pieces
 12861 | D:13     | Identified the +1 robe of Kapsouf {rElec rF+ Str+3 Int-5}
                  | (Okawaru gifted it to you on level 13 of the Dungeon)
 12861 | D:13     | Received a gift from Okawaru
 12925 | D:13     | Noticed an eight-headed hydra
 12931 | D:14     | Found Lynomex's Distillery.
 12936 | D:14     | Bought a potion of invisibility for 104 gold pieces
 12936 | D:14     | Bought a potion of berserk rage for 65 gold pieces
 12940 | D:14     | Found a transporter.
 12940 | D:14     | Noticed Jogov's ghost (journeyman DgWz)
 12970 | D:14     | Noticed a centaur warrior
 12981 | D:14     | Killed a centaur warrior
 13059 | D:14     | Reached skill level 10 in Axes
 13295 | D:14     | Noticed a five-headed hydra
 13308 | D:14     | Killed a 12-headed hydra
 13557 | D:14     | Found Feet's Antique Weapon Shop.
 13595 | D:14     | Noticed a centaur warrior
 13599 | D:14     | Killed a centaur warrior
 13736 | D:14     | Noticed a boulder beetle
 13747 | D:14     | Killed a boulder beetle
 13823 | D:14     | Found Fogafrap's Jewellery Shoppe.
 13830 | D:14     | Reached skill level 5 in Translocations
 14005 | D:14     | Noticed a centaur warrior
 14014 | D:14     | Killed a centaur warrior
 14193 | D:14     | Noticed a centaur warrior
 14197 | D:14     | Killed a centaur warrior
 14264 | D:14     | Found a transporter.
 14271 | D:14     | Found Tuxauw Nuph's Distillery.
 14279 | D:14     | Bought a potion of brilliance for 64 gold pieces
 14279 | D:14     | Bought a potion of degeneration for 16 gold pieces
 14390 | D:14     | Found Biabresh's Antique Armour Shop.
 14603 | D:15     | Entered Level 15 of the Dungeon
 14637 | D:15     | Noticed a centaur warrior
 14643 | D:15     | Killed a centaur warrior
 14738 | D:15     | Noticed a boulder beetle
 14750 | D:15     | Killed a boulder beetle
 14841 | D:15     | Received a gift from Okawaru
 14842 | D:15     | Reached XP level 13. HP: 102/118 MP: 12/12
 15154 | D:15     | Cast into level 3 of the Abyss (a wizard)
 15194 | Abyss:3  | Noticed a starcursed mass
 15206 | Abyss:3  | Found a corrupted altar of Lugonu.
 15490 | Abyss:3  | Noticed a black draconian
 15496 | Abyss:3  | Killed a black draconian
 15522 | Abyss:3  | Gained mutation: You are frail. (-10% HP) [a neqoxec]
 15524 | Abyss:3  | Gained mutation: Your spells are a little easier to cast,
                  | but a little less powerful. [a neqoxec]
 15528 | Abyss:3  | Gained mutation: Your spells are easier to cast, but less
                  | powerful. [a neqoxec]
 15605 | Abyss:3  | Noticed a blizzard demon
 15620 | Abyss:3  | Killed from afar by a blizzard demon

Illustrated notes

Levels and vault maps discovered:
D:1:      shiori_arrival_whats_in_store_for_you, layout_basic,
          lemuel_old_faithful
D:2:      layout_loops_ring, serial_shops, nicolae_shop_crystal,
          dreamdust_ecumenical_altar_drowned_temple, uniq_terence, uniq_jessica
D:3:      layout_loops_ring, serial_shops, shop
D:4:      layout_basic, minmay_temple_entry_arrows,
          cheibrodos_sewer_entry_sluice
D:5:      layout_loops_ring, bloody_makhleb, serial_shops,
          nicolae_shop_behind_doors, pf_guarded_unrand_woodcutter, uniq_pikel
D:6:      layout_rooms, gammafunk_ghost_grave, uniq_maggie, uniq_edmund
D:7:      layout_basic, minitemple, kennysheep_generic_room_14, uniq_joseph
D:8:      layout_basic, mainiacjoe_overflow_alcove_4, dpeg_oklobed_lair,
          serial_shops, nicolae_take_the_stairs, enter_bailey_3
D:9:      layout_stronghold, serial_shops, shop, st_stairs_4,
          hangedman_glass_teeth, grunt_ministairs_1
D:10:     layout_basic, david_orc_2, serial_curves, eino_curves_03,
          eino_curves_04, uniq_gastronok
D:11:     layout_layer_cave, amcnicky_mini_corridor_feature
D:12:     layout_loops_ring, serial_shops, nicolae_shop_window_shopping,
          nicolae_hepliaklqana_monster_ancestors
D:13:     layout_stronghold, hangedman_vaults_entry_quadrant_bands
D:14:     layout_stronghold, gammafunk_ghost_stat_death, serial_shops,
          shop_fountains, shop, nicolae_stop_n_shop_1, kennysheep_mini,
          nicolae_shop_trees, minmay_orc_keep
D:15:     grunt_enter_depths_magical_seal, layout_loops_ring,
          nzn_wu_jian_council_hall
Temple:   nicolae_temple_x_marks_the_god
Orc:1:    layout_caves
Orc:2:    st_orc_open, layout_diamond_mine, serial_shops,
          nicolae_shop_window_shopping
Abyss:3:  base: D:6, base: D:10, nicolae_abyss_rune_left_handed,
          abyss_greek_temple, nicolae_abyss_rune_star_stuff, due_exit_kobolds

Skill      XL: |  1  2  3  4  5  6  7  8  9 10 11 12 13 |
---------------+----------------------------------------+-----
Shields        | 4 5 |  5.0
Fighting       | 4 5 6 8 10 12 | 12.3
Axes           | 3 4 5 6 9 11 | 11.9
Armour         | 4 5 6 8 9 10 11 | 11.1
Dodging        | 1 2 3 6 8 10 | 10.3
Transmutations | 2 5 7 |  7.6
Translocations | 3 5 6 |  6.1
Evocations     | |  0.6

Action                   |  1- 3 |  4- 6 |  7- 9 | 10-12 | 13-15 || total
-------------------------+-------+-------+-------+-------+-------++-------
Melee: War axe           |    84 |   111 |   162 |   489 |   101 ||   947
       Headbutt          |    12 |    15 |    26 |   108 |    24 ||   185
  Use: Scroll            |       |     7 |       |    10 |     4 ||    21
       Potion            |       |       |     1 |     3 |     9 ||    13
Armor: Scale mail        |    48 |       |       |       |       ||    48
       Chain mail        |       |    58 |    49 |   240 |    46 ||   393
       Swamp dragon scal |       |       |     5 |       |       ||     5
Dodge: Dodged            |    46 |    61 |    55 |   200 |    36 ||   398
Block: Buckler           |    19 |    60 |   104 |   402 |    59 ||   644
       Reflection        |       |       |    11 |    39 |     3 ||    53
